 Dungeon Crawl Stone Soup version 0.22-a0-93-g6b88ebb (webtiles) character file.

145 lemonriz the Firebug (level 5, -4/35 HPs)
             Began as a Demonspawn Fire Elementalist on Jan 24, 2018.
             Killed from afar by Natasha (6 damage)
             ... with a magic dart
             ... on level 2 of the Dungeon.
             The game lasted 00:03:52 (1582 turns).

lemonriz the Firebug (Demonspawn Fire Elementalist) Turns: 1582, Time: 00:03:53

Health: -4/35      AC:  2    Str:  8    XL:     5   Next: 6%
Magic:  11/18      EV: 12    Int: 22    God:
Gold:   124        SH:  0    Dex: 14    Spells: 4/10 levels left

rFire    + . .     SeeInvis .   j - +0 dagger
rCold    . . .     Gourm    .   (no shield)
rNeg     . . .     Faith    .   a - +0 robe
rPois    .         Spirit   .   (helmet restricted)
rElec    .         Reflect  .   (no cloak)
rCorr    .         Harm     .   (no gloves)
MR       .....                  (no boots)
Stlth    ++........             (no amulet)
HPRegen  0.11/turn              h - ring of magical power
MPRegen  0.16/turn              (no ring)

@: brilliant, very slightly contaminated, invisible
A: antennae 1, fire resistance 1
a: no special abilities


You were on level 2 of the Dungeon.
You were not hungry.

You visited 1 branch of the dungeon, and saw 2 of its levels.

You collected 124 gold pieces.

Inventory:

Hand Weapons
 j - a +0 dagger (weapon)
Armour
 a - a +0 robe (worn)
Jewellery
 h - a ring of magical power (left hand)
Scrolls
 d - 4 scrolls of identify {unknown}
 f - 3 scrolls of teleportation {unknown}
 g - a scroll of magic mapping {unknown}
 l - 2 scrolls of fear {unknown}
 n - a scroll of remove curse {unknown}
Potions
 e - 3 potions of curing
Books
 b - a book of Flames

   Spells                             Type                      Level
   a - Flame Tongue                   Conjuration/Fire             1
   b - Throw Flame                    Conjuration/Fire             2
   c - Conjure Flame                  Conjuration/Fire             3
   d - Inner Flame                    Hexes/Fire                   3
   e - Sticky Flame                   Conjuration/Fire             4
   f - Fireball                       Conjuration/Fire             5
Comestibles
 c - 2 rations
 m - a chunk of flesh


   Skills:
 - Level 1.7 Dodging
 - Level 1.7 Stealth
 + Level 3.2 Spellcasting
 + Level 2.9 Conjurations
 + Level 3.7 Fire Magic


You had 4 spell levels left.
You knew the following spells:

 Your Spells              Type           Power        Failure   Level  Hunger
a - Flame Tongue          Conj/Fire      ####.        1%          1    None
b - Throw Flame           Conj/Fire      ####..       1%          2    ##.....
c - Conjure Flame         Conj/Fire      ####....     1%          3    ###....


Dungeon Overview and Level Annotations

Branches:
Dungeon (2/15)

Altars:
Ashenzari

Annotations:
D:2 Natasha


Innate Abilities, Weirdness & Mutations

You have a pair of small antennae on your head.
Your flesh is heat resistant. (rF+)


Message History

Aim: Natasha (lightly wounded, unusually resistant)
The flame tongue misses Natasha.
Natasha mumbles some strange words.
You feel disoriented. Natasha claws you.
* * * LOW HITPOINT WARNING * * *
It was a potion of curing.
You feel better. Natasha barely misses you. Natasha claws you.
* * * LOW HITPOINT WARNING * * *
It was a potion of brilliance.
You feel clever all of a sudden.
You feel yourself speed up. Natasha claws you.
* * * LOW HITPOINT WARNING * * *
It was a potion of invisibility.
You fade into invisibility!
Natasha mumbles some strange words.
You are very lightly contaminated with residual magic.
Natasha casts a spell at you. The magic dart hits you!
You die...

##############
#########.............
####.........####.###.###
#.........#### #.# #.# #
#.##.#.....# ##.###.# # #
#.##.#....## #......# #
###.##.##.#.#.## #..#######
#...h.....#.#@# #.........
#.#(##.####.#># #.########
.. #.# #.#h## #.#
#...###.####....## #.#
#..#..........5...## #.###
#.....##..##.......##
#.#.## #.#..
#..#.........###....#####
#.
....'.........'...........
#
..#..#.........###....#####


You could see Natasha and a shadow imp.

Vanquished Creatures
  Jessica (D:2)
  Natasha (twice) (D:2)
  A gnoll (D:1)
  An ooze (D:2)
  2 worms (D:2)
  4 dart slugs
  A leopard gecko (D:1)
  A giant cockroach (D:1)
  6 goblins
  2 hobgoblins (D:2)
  9 jackals
  5 kobolds
  2 bats (D:2)
  A frilled lizard (D:1)
  4 rats
42 creatures vanquished.

Notes
Turn   | Place    | Note
-------+----------+-------------------------------------------
     0 | D:1      | lemonriz the Demonspawn Fire Elementalist began the quest for the Orb.
     0 | D:1      | Reached XP level 1. HP: 13/13 MP: 3/3
   207 | D:1      | Gained mutation: Your flesh is heat resistant. (rF+) [demonic ancestry]
   207 | D:1      | Reached XP level 2. HP: 12/19 MP: 0/5
   216 | D:1      | Learned a level 2 spell: Throw Flame
   503 | D:1      | Gained mutation: You have a pair of small antennae on your head. [demonic ancestry]
   503 | D:1      | Reached XP level 3. HP: 24/24 MP: 6/6
   508 | D:1      | Learned a level 3 spell: Conjure Flame
   781 | D:2      | Found a shattered altar of Ashenzari.
  1182 | D:2      | Reached XP level 4. HP: 27/30 MP: 8/8
  1201 | D:2      | Noticed Natasha
  1202 | D:2      | Noticed Jessica
  1222 | D:2      | Killed Natasha
  1297 | D:2      | Killed Jessica
  1529 | D:2      | Noticed Natasha
  1540 | D:2      | Killed Natasha
  1540 | D:2      | Reached XP level 5. HP: 12/35 MP: 9/9
  1559 | D:2      | Noticed Natasha
  1582 | D:2      | Killed from afar by Natasha

Vault maps used:
D:1:      eino_arrival_druids_welcome, minmay_box_of_dots
D:2:      lemuel_doored_altar, uniq_natasha, uniq_jessica

Skill      XL: |  1  2  3  4 |
---------------+-------------+-----
Fire Magic     | 3 |  3.7
Conjurations   | 2 |  2.9
Spellcasting   | 3 |  3.2
Dodging        | |  1.7
Stealth        | |  1.7

Action                   |  1- 3 |  4- 6 || total
-------------------------+-------+-------++-------
Melee: Unarmed           |    28 |       ||    28
       Dagger            |     9 |       ||     9
 Cast: Flame Tongue      |    67 |    20 ||    87
       Conjure Flame     |     1 |     2 ||     3
       Throw Flame       |     1 |       ||     1
  Use: Potion            |       |     3 ||     3
  Eat: Chunk             |     2 |     1 ||     3
Armor: Robe              |    13 |       ||    13
Dodge: Dodged            |    52 |     8 ||    60

Table legend:
 A = Spawn XP
 B = Non-spawn XP
 C = Spawn XP percentage of total XP
 D = Spawn monster count
 E = Non-spawn monster count
 F = Spawn count percentage of total count
 G = Total turns spent on level
                    A         B        C        D         E        F      G
               +---------+---------+-------+---------+---------+-------+---------
         Total |       0 |     208 |   0.0 |       0 |      42 |   0.0 |  1582
               +---------+---------+-------+---------+---------+-------+---------
           D:1 |       0 |      48 |   0.0 |       0 |      17 |   0.0 |   646
           D:2 |       0 |     160 |   0.0 |       0 |      25 |   0.0 |   936
               +---------+---------+-------+---------+---------+-------+---------
